 Dungeon Crawl Stone Soup version 0.23.2-1-ga50397a6bc (webtiles) character file.

Game seed: 2803565351975669583

1079 Menchi the Blocker (level 8, -5/64 HPs)
             Began as a Minotaur Fighter on May 19, 2019.
             Was an Initiate of Gozag.
             Slain by Prince Ribbit (10 damage)
             ... on level 6 of the Dungeon.
             The game lasted 00:07:30 (4972 turns).

Menchi the Blocker (Minotaur Fighter)               Turns: 4972, Time: 00:07:32

Health: -5/64      AC: 10    Str: 26    XL:     8   Next: 8%
Magic:  7/7        EV: 13    Int:  5    God:    Gozag
Gold:   264        SH:  0    Dex: 12    Spells: 7/7 levels left

rFire    . . .     SeeInvis .   w - +4 war axe
rCold    . . .     Gourm    .   (no shield)
rNeg     + . .     Faith    .   b - +0 scale mail
rPois    .         Spirit   .   (helmet restricted)
rElec    .         Reflect  .   (no cloak)
rCorr    +         Harm     .   q - +0 pair of gloves
MR       .....                  k - +1 pair of boots
Stlth    ..........             (no amulet)
HPRegen  0.20/turn              s - ring of positive energy
MPRegen  0.10/turn              t - ring of resist corrosion

@: mighty
A: retaliatory headbutt, horns 2
a: Potion Petition, Call Merchant, Bribe Branch, Renounce Religion


You were on level 6 of the Dungeon.
You worshipped Gozag.
Gozag was aware of your devotion.
You were hungry.

You visited 2 branches of the dungeon, and saw 7 of its levels.

You collected 384 gold pieces.
You paid 120 gold pieces to Gozag.

Inventory:

Hand Weapons
 w - a +4 war axe (weapon)
Armour
 b - a +0 scale mail (worn)
 c - a +0 shield
 k - a +1 pair of boots (worn)
 q - a +0 pair of gloves (worn)
Jewellery
 e - an uncursed ring of protection from fire
 l - an uncursed ring of poison resistance {unknown}
 m - an uncursed ring of flight
 s - a ring of positive energy (left hand)
 t - a ring of resist corrosion (right hand)
Scrolls
 a - 2 scrolls of magic mapping
 g - 4 scrolls of remove curse
 h - 6 scrolls of identify
 i - a scroll of noise
 j - a scroll of amnesia
 n - a scroll of blinking
 v - 2 scrolls of teleportation
Potions
 d - a potion of might
 o - a potion of curing {unknown}
 p - a potion of degeneration {unknown}
 u - 2 potions of agility {unknown}
Comestibles
 f - 6 rations


   Skills:
 - Level 3.6 Fighting
 - Level 2.4 Axes
 - Level 3.6 Armour
 + Level 5.7 Dodging
 * Level 10.0 Shields


You had 7 spell levels left.
You didn't know any spells.
Your spell library was empty.

Dungeon Overview and Level Annotations

Branches:
Dungeon (6/15)             Temple (1/1) D:5

Altars:
Ashenzari
Cheibriados
Dithmenos
Elyvilon
Fedhas
Gozag
Hepliaklqana
Kikubaaqudgha
Makhleb
Nemelex Xobeh
Okawaru
Qazlal
Ru
Trog
Vehumet
Wu Jian
Xom
Yredelemnul
The Shining One

Annotations:
D:6 Prince Ribbit


Innate Abilities, Weirdness & Mutations

You reflexively headbutt those who attack you in melee.
You have a pair of horns on your head.


Message History

Prince Ribbit is heavily wounded.
Prince Ribbit blinks!
Prince Ribbit hits you but does no damage.
You hit Prince Ribbit.
Prince Ribbit is severely wounded.
Prince Ribbit hits you!
* * * LOW HITPOINT WARNING * * *
Prince Ribbit hits you.
* * * LOW HITPOINT WARNING * * *
You feel very mighty all of a sudden. Prince Ribbit hits you!
* * * LOW HITPOINT WARNING * * *
Prince Ribbit hits you but does no damage.
You barely miss Prince Ribbit.
Prince Ribbit is heavily wounded.
Prince Ribbit hits you.
* * * LOW HITPOINT WARNING * * *
Prince Ribbit hits you!
You die...
Your body crumbles into a pile of gold.

#.##..........
##.#.....##...
##.#.#.###.## ##...##
#.## #### ##.## #.## ..#
#.# #.## #.# #.# #.# #.#
##.# #.## #@# #..# #...
# #F# #.### ####
##.##.#.# #.#.## ##.
........######))..####..
.....................+..
#...#.#########...####..
##. #. ##..# ##. # ..
##.###### .. #.#.....


You could see Prince Ribbit.

Vanquished Creatures
  2 ice beasts
  2 ogres
  A bullfrog (D:5)
  2 scorpions (D:4)
  A crimson imp (D:5)
  A hound (D:4)
  3 orc priests
  A centaur skeleton (D:5)
  An iguana (D:5)
  5 orc wizards
  2 worker ants
  A gnoll (D:1)
  4 adders
  An adder skeleton (D:4)
  An adder zombie (D:5)
  4 worms
  6 leopard geckos
  23 orcs
  2 giant cockroaches
  7 goblins
  5 hobgoblins
  8 jackals
  2 quokkas
  A ball python (D:5)
  5 bats
  3 frilled lizards
  10 kobolds
  3 rats
107 creatures vanquished.

Notes
Turn   | Place    | Note
-------+----------+-------------------------------------------
     0 | D:1      | Menchi the Minotaur Fighter began the quest for the Orb.
     0 | D:1      | Reached XP level 1. HP: 19/19 MP: 0/0
   101 | D:1      | Reached skill level 4 in Shields
   112 | D:1      | Reached XP level 2. HP: 20/26 MP: 1/1
   113 | D:1      | Reached skill level 1 in Dodging
   148 | D:1      | Reached XP level 3. HP: 22/31 MP: 2/2
  1025 | D:2      | Found a burning altar of Makhleb.
  1026 | D:2      | Found a shimmering altar of Xom.
  1093 | D:2      | You fall through a shaft!
  1097 | D:3      | Reached skill level 5 in Shields
  1250 | D:2      | Found a stormy altar of Qazlal.
  1754 | D:3      | Found a blossoming altar of Fedhas.
  1814 | D:3      | Reached XP level 4. HP: 39/39 MP: 3/3
  1961 | D:3      | Reached skill level 6 in Shields
  1961 | D:3      | Reached XP level 5. HP: 42/45 MP: 4/4
  2271 | D:4      | Reached skill level 7 in Shields
  2271 | D:4      | Reached XP level 6. HP: 26/51 MP: 5/5
  2763 | D:4      | Reached skill level 8 in Shields
  2766 | D:4      | Reached XP level 7. HP: 53/57 MP: 6/6
  3001 | D:5      | Entered Level 5 of the Dungeon
  3231 | D:5      | Reached skill level 5 in Dodging
  3231 | D:5      | Reached skill level 9 in Shields
  3232 | D:5      | Found a staircase to the Ecumenical Temple.
  3272 | Temple   | Entered the Ecumenical Temple
  4446 | D:6      | Found a sparkling altar of Nemelex Xobeh.
  4520 | D:6      | Found a faded altar of an unknown god.
  4520 | D:6      | Found an ornate altar of the Wu Jian Council.
  4525 | D:6      | Found a glowing golden altar of the Shining One.
  4527 | D:6      | Found a basalt altar of Yredelemnul.
  4528 | D:6      | Found an opulent altar of Gozag.
  4641 | D:6      | Reached XP level 8. HP: 43/64 MP: 7/7
  4707 | D:6      | Became a worshipper of Gozag Ym Sagoz the Greedy
  4833 | D:6      | Reached skill level 10 in Shields
  4951 | D:6      | Noticed Prince Ribbit
  4972 | D:6      | Slain by Prince Ribbit

Skill      XL: |  1  2  3  4  5  6  7  8 |
---------------+-------------------------+-----
Shields        | 4 5 6 7 8 9 10 | 10.0
Dodging        | 1 2 3 4 5 |  5.7
Fighting       | |  3.6
Axes           | |  2.4
Armour         | |  3.6

Action                   |  1- 3 |  4- 6 |  7- 9 || total
-------------------------+-------+-------+-------++-------
Melee: War axe           |    71 |    78 |    81 ||   230
       Headbutt          |    11 |    16 |    15 ||    42
  Use: Scroll            |     5 |     1 |     4 ||    10
       Potion            |       |     1 |     1 ||     2
  Eat: Chunk             |     1 |     4 |     4 ||     9
       Ration            |       |       |     1 ||     1
Armor: Scale mail        |    40 |    37 |    32 ||   109
Dodge: Dodged            |    52 |    55 |    56 ||   163
